Map: Winter Madness LE

Players

VITRyung (Ryung) - Winner!

  • Race: Terran Terran
  • League: Grandmaster
  • Spawn Location: 11:00

HolyHit

  • Race: Protoss Protoss
  • League: Grandmaster
  • Spawn Location: 5:00

VOD

Have the link to the VOD?

Description

Time

  • Played on: Jan. 30, 2026, 2:13 p.m.
  • Length: 9:27
Show
View Real Time Build Order
Export as new Build Order

VITRyung Terran - Winner!

Build Orders:  

Get SALT Encoding   

  12  0:00  SCV  
  13  0:12  SCV  
  14  0:17  Supply Depot  
  14  0:24  SCV  
  15  0:38  SCV  
  15  0:40  Barracks  
  16  0:43  Refinery  
  16  0:50  SCV  
  16  0:52  Refinery  
  17  1:02  SCV  
  18  1:14  SCV  
  19  1:27  Orbital Command, Reaper  
  20  1:40  Factory  
  20  1:43  Supply Depot  
  20  1:52  SCV  
  21  1:59  Reaper  
  22  2:04  SCV  
  23  2:16  SCV  
  23  2:19  Command Center  
  24  2:24  Hellion  
  24  2:28  SCV  
  27  2:34  Starport  
  27  2:41  SCV  
  27  2:43  Barracks Reactor  
  28  2:45  Supply Depot  
  28  2:49  Widow Mine  
  30  2:53  SCV  
  31  3:07  SCV  
  32  3:16  Medivac, Widow Mine  
  32  3:19  SCV  
  37  3:20  Marine x2  
  39  3:30  Barracks  
  39  3:32  SCV  
  40  3:35  Orbital Command  
  40  3:37  Factory Tech Lab  
  40  3:39  Marine x2  
  42  3:44  SCV  
  42  3:46  Starport Tech Lab  
  43  3:56  SCV, Supply Depot  
  43  3:58  Siege Tank  
  47  4:02  Marine  
  47  4:03  Marine  
  47  4:05  SCV  
  47  4:08  SCV  
  51  4:17  SCV  
  51  4:20  SCV  
  53  4:25  Raven  
  53  4:29  SCV, Supply Depot  
  54  4:32  SCV  
  54  4:37  Marine x2  
  55  4:41  SCV  
  55  4:42  Marine  
  55  4:44  SCV  
  55  4:45  Stimpack  
  58  4:49  Barracks  
  58  4:54  SCV, Supply Depot  
  58  4:58  SCV  
  60  5:04  Marine x3  
  63  5:08  Viking  
  63  5:12  SCV x2  
  63  5:13  Supply Depot  
  67  5:18  Engineering Bay, Factory Reactor  
  67  5:22  Refinery  
  67  5:25  Supply Depot, SCV x2  
  69  5:30  Supply Depot  
  69  5:32  Refinery  
  69  5:38  SCV x2  
  69  5:42  Marine x2  
  70  5:45  Terran Infantry Weapons Level 1  
  70  5:46  Bunker  
  69  5:52  SCV x2  
  69  5:54  Combat Shield, Marauder x2  
  75  5:58  Supply Depot  
  75  5:59  Supply Depot  
  75  6:04  Marine x2  
  73  6:05  Medivac  
  73  6:10  Widow Mine  
  79  6:14  Medivac  
  79  6:16  Marauder x2  
  85  6:19  Supply Depot  
  85  6:22  Marine x2  
  85  6:24  Supply Depot  
  87  6:26  Concussive Shells  
  87  6:30  Supply Depot  
  87  6:34  Factory Reactor  
  87  6:37  Marauder x2  
  87  6:38  Supply Depot  
  91  6:40  Marine x2  
  86  6:51  Medivac  
  86  6:52  Medivac  
  76  6:58  Marine x2  
  76  6:59  Marauder x2, Bunker  
  82  7:04  Command Center  
  82  7:10  SCV  
  82  7:11  SCV  
  82  7:12  Supply Depot  
  82  7:13  Widow Mine x2  
  88  7:17  Marine x2  
  90  7:23  SCV x2, Marauder x2  
  94  7:34  Marine  
  94  7:35  Marine, Widow Mine  
  94  7:36  Widow Mine  
  95  7:37  Medivac  
  95  7:41  Medivac  
  99  7:44  Marauder  
  99  7:45  Marauder  
  103  7:54  Marine x2  
  103  8:02  SCV  
  103  8:03  SCV  
  102  8:06  Marauder x2  
  102  8:12  Marine x2  
  108  8:16  Barracks  
  108  8:17  Barracks  
  104  8:24  SCV x2  
  106  8:27  Marauder x2  
  106  8:29  Medivac x2, Widow Mine x2  
  118  8:38  Supply Depot, Orbital Command  
  118  8:41  Marine x2  
  120  8:49  Marauder  
  120  8:51  Widow Mine x2  
  120  8:54  SCV x2  
  128  9:12  Barracks Reactor  
  128  9:13  Barracks Tech Lab  
Show
View Real Time Build Order
Export as new Build Order

HolyHit Protoss 

Build Orders: 1 Gate Expand, Dark Templar Rush 

Get SALT Encoding   

  12  0:00  Probe  
  13  0:12  Probe  
  14  0:18  Pylon  
  14  0:24  Probe  
  15  0:32  Probe  
  15  0:37  Gateway  
  15  0:40  Probe  
  16  0:45  Assimilator  
  17  0:51  Probe  
  18  1:03  Probe  
  19  1:15  Probe  
  20  1:24  Cybernetics Core  
  20  1:33  Nexus  
  20  1:36  Probe  
  21  1:43  Pylon  
  21  1:48  Probe  
  21  1:51  Assimilator  
  21  1:52  Adept  
  22  2:01  Probe  
  23  2:04  Warp Gate  
  25  2:13  Probe  
  26  2:18  Stalker  
  28  2:25  Probe  
  28  2:31  Twilight Council  
  28  2:36  Probe  
  28  2:42  Probe  
  29  2:44  Probe  
  29  2:48  Adept  
  29  2:50  Probe  
  33  2:52  Probe  
  35  3:00  Robotics Facility, Probe  
  36  3:17  Probe  
  34  3:22  Dark Shrine, Probe  
  34  3:26  Gateway  
  35  3:30  Probe  
  35  3:31  Gateway  
  36  3:34  Probe  
  36  3:36  Warp Prism  
  37  3:42  Probe  
  37  3:48  Probe  
  41  3:54  Pylon, Probe  
  42  4:00  Stalker  
  42  4:02  Probe  
  45  4:05  Assimilator  
  45  4:10  Probe, Assimilator  
  46  4:18  Observer  
  46  4:23  Stalker  
  43  4:25  Probe  
  43  4:28  Probe  
  42  4:33  Charge, Shadow Stride  
  42  4:34  Probe  
  42  4:40  Probe  
  42  4:42  Probe  
  43  4:49  Probe  
  45  4:55  Probe  
  45  4:56  Gateway  
  45  4:57  Observer  
  46  5:01  Probe  
  46  5:05  Gateway  
  47  5:07  Probe  
  48  5:15  Gateway  
  48  5:19  Pylon  
  48  5:22  Dark Templar  
  48  5:25  Probe  
  48  5:27  Probe  
  51  5:32  Dark Templar  
  52  5:44  Dark Templar, Probe  
  52  5:47  Pylon  
  55  5:51  Dark Templar  
  55  5:54  Dark Templar  
  59  6:07  Dark Templar  
  59  6:08  Zealot  
  59  6:10  Zealot  
  65  6:15  Pylon  
  65  6:17  Dark Templar  
  67  6:32  Zealot  
  69  6:34  Dark Templar  
  69  6:35  Zealot x2  
  67  6:54  Zealot x3  
  57  6:56  Dark Templar  
  57  6:57  Zealot  
  61  7:01  Probe  
  61  7:04  Dark Templar  
  61  7:07  Probe  
  65  7:09  Zealot  
  65  7:14  Zealot x2  
  71  7:17  Dark Templar  
  55  7:37  Dark Templar, Zealot x4  
  61  7:44  Probe x2  
  61  7:51  Zealot x3  
  61  7:56  Probe  
  68  7:59  Probe  
  68  8:04  Warp Prism, Zealot x2  
  59  8:17  Dark Templar x3, Zealot  
  61  8:23  Nexus  
  61  8:24  Dark Templar  
  61  8:27  Zealot  
  61  8:32  Pylon  
  63  8:39  Zealot  
  65  8:42  Probe  
  65  8:43  Probe  
  65  8:46  Gateway  
  67  8:49  Dark Templar  
  67  8:50  Dark Templar  
  71  8:57  Zealot x2  
  75  9:06  Zealot x2  
  78  9:14  Nexus  
Tags
 
Add a new tag
Caveats
  • Supply blocks, unpowered buildings, or Contaminate may cause inaccurate times.
  • Supply counts are checked every 10 seconds.